 Dungeon Crawl Stone Soup version 0.29-a0-1006-g0dd7720b37 (webtiles) character file.

Game seed: 12549140155327571432

2461 Sabo the Cleaver (level 9, -3/60 (69) HPs)
             Began as a Demonspawn Berserker on Aug 6, 2022.
             Was an Elder of Trog.
             Slain by a wight
             ... wielding a +0 great sword
              (5 damage)
             ... on level 7 of the Dungeon.
             The game lasted 00:32:44 (7378 turns).

Sabo the Cleaver (Demonspawn Berserker)             Turns: 7378, Time: 00:32:46

HP:   -3/60 (69)    AC: 13    Str: 21    XL:     9   Next: 26%
MP:   9/9           EV:  9    Int: 10    God:    Trog [****..]
Gold: 24            SH:  0    Dex: 12    Spells: 8/8 levels left

rFire   . . .      SeeInvis .   F - +4 broad axe (elec)
rCold   . . .      Faith    .   J - orb {mayhem}
rNeg    . . .      Spirit   .   k - +0 chain mail
rPois   .          Reflect  .   E - +1 helmet
rElec   .          Harm     .   (no cloak)
rCorr   .          Rampage  .   (no gloves)
Will    .....                   I - +0 pair of boots
Stlth   ..........              (no amulet)
HPRegen 0.20/turn               (no ring)
MPRegen 0.11/turn               (no ring)

@: heavily drained
A: hooves 1, powered by death 2, sturdy frame 1, demonic magic 2
a: Renounce Religion, Berserk, Trog's Hand, Brothers in Arms


You were on level 7 of the Dungeon.
You worshipped Trog.
Trog was greatly pleased with you.
You visited 1 branch of the dungeon, and saw 7 of its levels.

You collected 368 gold pieces.
You spent 344 gold pieces at shops.

Inventory:

Hand Weapons
 e - a +0 glaive
 o - a +2 war axe of freezing
 x - a +2 flail of protection
 F - a +4 broad axe of electrocution (weapon)
 H - a +0 shortbow
Missiles
 n - 6 poisoned darts (quivered)
Armour
 k - a +0 chain mail (worn)
 C - a +0 plate armour
 E - a +1 helmet (worn)
 G - a +0 buckler
 I - a +0 pair of boots (worn)
 J - an orb of mayhem (worn)
Jewellery
 a - an amulet of magic regeneration
 g - a ring of magical power
Scrolls
 h - 2 scrolls of blinking
 j - a scroll of fog
 q - 2 scrolls of teleportation
 v - 3 scrolls of immolation
 w - 2 scrolls of summoning
 B - 2 scrolls of magic mapping
Potions
 b - 4 potions of curing
 d - 2 potions of heal wounds {unknown}
 f - a potion of invisibility {unknown}
 i - 3 potions of haste {unknown}
 m - 2 potions of flight {unknown}
 p - 2 potions of degeneration {unknown}
 r - a potion of berserk rage {unknown}
 t - 3 potions of might {unknown}
 u - a potion of resistance
 z - a potion of lignification {unknown}
 D - a potion of brilliance {unknown}


   Skills:
 + Level 5.8 Fighting
 + Level 8.5(8.7) Axes
 + Level 2.2(5.8) Polearms
 + Level 1.3 Throwing
 + Level 5.6 Armour
 + Level 2.5 Dodging
 + Level 1.5 Stealth


You had 8 spell levels left.
You didn't know any spells.
Your spell library was empty.

Dungeon Overview and Level Annotations

Branches:
Dungeon (7/15)             Temple (0/1) D:6

Altars:
Ru

Shops:
D:2 (   D:5 *


Innate Abilities, Weirdness & Mutations

You have large cloven feet.
You regenerate health from kills.
Your movements are slightly less encumbered by armour. (ER -2)
Spells you cast may paralyse nearby enemies.


Message History

The silver javelin barely misses the wight.
Throw: 8 darts (poison)
Press: ? - help, Q - select action, (/) - cycle Shift-Dir - straight line, f/p - wight
Aim: a wight, wielding a +0 great sword and wearing a +0 robe (59% to hit)
You throw a poisoned dart.
The poisoned dart closely misses the wight.
The poisoned dart hits the wight.
Throw: 7 darts (poison)
Press: ? - help, Q - select action, (/) - cycle Shift-Dir - straight line, f/p - wight
Aim: a wight, wielding a +0 great sword and wearing a +0 robe (59% to hit)
You throw a poisoned dart. The poisoned dart hits the wight.
You hit the wight. Lightning courses through the wight!
The wight is almost destroyed.
The wight barely misses you.
You hit the wight but do no damage. Lightning courses through the wight!
You destroy the wight!
Trog accepts your kill.
The wight flies into a frenzy!
The wight hits you with a +0 great sword!!
You feel drained.
The wight hits you with a +0 great sword!
You feel drained. The wight hits you but does no damage.
Things that are here:
a +3 war axe; a +0 robe You closely miss the wight.
The wight hits you with a +0 great sword!
You feel drained. The wight closely misses you.
You closely miss the wight. The wight closely misses you.
You closely miss the wight. The wight misses you.
The wight hits you with a +0 great sword!
* * * LOW HITPOINT WARNING * * *
You feel drained.
* * * LOW HITPOINT WARNING * * *
You hit the wight.
The wight is lightly damaged.
The wight hits you but does no damage.
The wight hits you with a +0 great sword!
* * * LOW HITPOINT WARNING * * *
You feel drained.
You die...

#...........#
#...........#
#...........#
#.>.........#
#............
#.......(....
#.z..........
#.@(.<..(...(
########.....
... #


You could see a neutral wight (fast, strong, insane).

Vanquished Creatures
  Pikel (D:6)
  Sigmund (D:5)
  Edmund (D:5)
  2 water moccasins
  2 ice beasts (D:6)
  A centaur (D:6)
  3 lemures (D:6)
  A phantom (D:4)
  A kobold brigand (D:6)
  A bullfrog (D:3)
  3 necrophages
  A scorpion (D:6)
  A wight (D:7)
  5 hounds
  A jelly (D:6)
  2 orc priests
  Jessica (D:2)
  6 orc wizards
  3 iguanas (D:5)
  8 gnolls
  5 adders
  A shadow imp (D:6)
  A white imp (D:5)
  A worm (D:2)
  5 dart slugs
  14 orcs
  8 endoplasms
  12 giant cockroaches
  7 hobgoblins
  6 quokkas
  8 ball pythons
  10 bats
  A frilled lizard (D:3)
  5 goblins
  10 kobolds
  4 rats
143 creatures vanquished.

Notes
Turn   | Place    | Note
-------+----------+-------------------------------------------
     0 | D:1      | Sabo the Demonspawn Berserker began the quest for the Orb.
     0 | D:1      | Reached XP level 1. HP: 18/18 MP: 1/1
     4 | D:1      | Noticed an electric eel
     5 | D:1      | Noticed an electric eel
   348 | D:1      | Reached skill level 3 in Axes
   348 | D:1      | Gained mutation: Spells you cast may paralyse adjacent
                  | enemies. [demonic ancestry]
   348 | D:1      | Reached XP level 2. HP: 23/24 MP: 2/2
  1144 | D:1      | Gained mutation: You have large cloven feet. [demonic
                  | ancestry]
  1144 | D:1      | Reached XP level 3. HP: 28/29 MP: 3/3
  1517 | D:1      | Reached ** piety under Trog
  1634 | D:2      | Reached skill level 1 in Polearms
  1651 | D:2      | Gained mutation: You regenerate a little health from kills.
                  | [demonic ancestry]
  1651 | D:2      | Reached XP level 4. HP: 7/35 MP: 4/4
  2175 | D:2      | Found Tewihu Teown's Weapon Emporium.
  2329 | D:2      | Noticed Jessica
  2339 | D:2      | Killed Jessica
  2427 | D:2      | Reached skill level 1 in Stealth
  2930 | D:3      | Reached *** piety under Trog
  2931 | D:3      | Gained mutation: You regenerate health from kills. [demonic
                  | ancestry]
  2931 | D:3      | Reached XP level 5. HP: 40/41 MP: 5/5
  3065 | D:3      | Reached skill level 4 in Axes
  3650 | D:4      | Gained mutation: Spells you cast may paralyse nearby
                  | enemies. [demonic ancestry]
  3650 | D:4      | Reached XP level 6. HP: 48/48 MP: 6/6
  4101 | D:4      | Reached skill level 1 in Throwing
  4387 | D:4      | Reached skill level 5 in Axes
  4387 | D:4      | Reached XP level 7. HP: 54/54 MP: 7/7
  4483 | D:5      | Entered Level 5 of the Dungeon
  4722 | D:5      | Noticed Edmund
  4730 | D:5      | Killed Edmund
  4922 | D:5      | Noticed Sigmund
  4932 | D:5      | Killed Sigmund
  4933 | D:5      | Reached skill level 6 in Axes
  4933 | D:5      | Gained mutation: Your movements are slightly less
                  | encumbered by armour. (ER -2) [demonic ancestry]
  4933 | D:5      | Reached XP level 8. HP: 43/61 MP: 8/8
  5147 | D:5      | Found Bejowais's General Store.
  5161 | D:5      | Reached skill level 5 in Fighting
  5277 | D:5      | Bought a scroll of identify for 24 gold pieces
  5680 | D:6      | Reached **** piety under Trog
  5684 | D:6      | Reached skill level 7 in Axes
  5925 | D:6      | Found a sacrificial altar of Ru.
  5972 | D:6      | Noticed Pikel
  5977 | D:6      | Reached skill level 5 in Armour
  5988 | D:6      | Killed Pikel
  5989 | D:6      | Reached skill level 8 in Axes
  5989 | D:6      | Reached XP level 9. HP: 24/68 MP: 9/9
  6423 | D:2      | Bought a +4 broad axe of electrocution for 320 gold pieces
  6894 | D:6      | Found a staircase to the Ecumenical Temple.
  7378 | D:7      | HP: 2/62 [wight/+0 great sword (12)]
  7378 | D:7      | Slain by a wight

Illustrated notes

Levels and vault maps discovered:
D:1:      arrival_aquarium_b, layout_basic
D:2:      minmay_roachtagon, layout_loops_ring, serial_shops,
          nicolae_shop_bloodbath_and_beyond, minmay_pentomino_s4, uniq_jessica
D:3:      layout_rooms
D:4:      layout_rooms, minmay_door_square, small_statue_intersection,
          hangedman_minor_gate_pass
D:5:      layout_basic, serial_shops, shop, grunt_ministairs_4, uniq_edmund,
          uniq_sigmund
D:6:      layout_basic, mainiacjoe_overflow_divided_tiny,
          minmay_temple_entry_sparse_star, uniq_pikel
D:7:      layout_gridville, enter_bailey_3

Skill      XL: |  1  2  3  4  5  6  7  8 |
---------------+-------------------------+-----
Axes           | 3 4 5 6 8 |  8.5
Polearms       | 1 2 |  2.2
Armour         | 2 3 4 5 |  5.6
Dodging        | 2 |  2.5
Stealth        | 1 |  1.5
Fighting       | 4 5 |  5.8
Throwing       | 1 |  1.3

Action                   |  1- 3 |  4- 6 |  7- 9 || total
-------------------------+-------+-------+-------++-------
Melee: Hand axe          |    11 |       |       ||    11
       Glaive            |    71 |       |       ||    71
       Kick              |     7 |    23 |    34 ||    64
       War axe           |       |   117 |   127 ||   244
       Punch             |       |     2 |     2 ||     4
       Broad axe         |       |       |    20 ||    20
Throw: Boomerang         |     1 |    17 |     1 ||    19
       Javelin           |       |       |     4 ||     4
       Dart              |       |       |     2 ||     2
  Use: Scroll            |       |     3 |     8 ||    11
       Potion            |       |       |     1 ||     1
Armor: Animal skin       |     8 |       |       ||     8
       Leather armour    |    10 |       |       ||    10
       Chain mail        |    39 |    82 |    93 ||   214
Dodge: Dodged            |    43 |    55 |    80 ||   178
Block: Buckler           |       |       |     1 ||     1

Table legend: (Time is in decaauts)
 A = Elapsed time spent in this place.
 B = Non-inter-level travel time spent in this place.
 C = Inter-level travel time spent in this place.
 D = Time resting spent in this place.
 E = Time spent auto-exploring this place.
 F = Levels seen in this place.
 G = Mean time per level.
                   A        B        C        D        E       F      G
               +--------+--------+--------+--------+--------+-----+--------+
         Total |   7488 |   7488 |      0 |   2939 |      0 |   7 | 1069.7 |
       Dungeon |   7488 |   7488 |      0 |   2939 |      0 |   7 | 1069.7 |
               +--------+--------+--------+--------+--------+-----+--------+

Top non-repeatable levels by time:
     D:6: 1714 daAuts
     D:1: 1639 daAuts
     D:2: 1246 daAuts
     D:4: 1138 daAuts
     D:5: 1076 daAuts
     D:3: 656 daAuts
     D:7: 17 daAuts
